General information
- name: BNet
- type: Ladder team game (AT/RT)
- host: Battle.net
- saver: Infi
map: DragonFalls
- players: 8
- length: 22:46
- speed: Fast
- version: 1.26 W3XP
- replay type: Public
» download(154 KB)
Players
team 1 (loser)

»
slocum- (
purple | 67 APM | 1177 actions | 17:33)
3 Blademaster
2 Wind Walk
1 Critical Strike
3 Shadow Hunter
1 Hex
2 Healing Wave
1 Tauren Chieftain
1 War Stomp
» actions
| Assign group hotkey | 7 | |
| Basic commands | 160 | |
| Build / train | 55 | |
| Enter build submenu | 17 | |
| Enter hero's abilities submenu | 7 | |
| Give item / drop item | 2 | |
| Right click | 419 | |
| Select / deselect | 170 | |
| Select group hotkey | 268 | |
| Use ability | 72 | |
1177 total
» units
» upgrades
| Envenomed Spears | 1 | |
| Shaman Training | 2 | |
| Ranged Weapons | 1 | |
| Reinforced Defenses | 1 | |
5 total
» buildings
| Altar of Storms | 1 | |
| Orc Burrow | 6 | |
| Voodoo Lounge | 1 | |
| Stronghold | 2 | |
| War Mill | 1 | |
| Fortress | 1 | |
| Beastiary | 2 | |
| Spirit Lodge | 1 | |
| Watch Tower | 3 | |
18 total
» build order
00:26 Altar of Storms
00:34 Orc Burrow
00:53 Voodoo Lounge
02:35 Stronghold
02:35 Stronghold
02:44 Orc Burrow
03:35 Orc Burrow
04:50 War Mill
04:59 Fortress
05:45 Beastiary
05:56 Beastiary
06:58 Spirit Lodge
07:15 Orc Burrow
12:35 Watch Tower
13:31 Watch Tower
13:33 Watch Tower
15:26 Orc Burrow
15:28 Orc Burrow
» items
| Healing Salve | 2 | |
| Lesser Clarity Potion | 2 | |
| Orb of Lightning | 1 | |
| Scroll of Town Portal | 2 | |
| Boots of Speed | 1 | |
8 total
Cydra (
blue | 40 APM | 889 actions | 22:22)
2 Goblin Tinker
1 Pocket Factory
1 Engineering Upgrade
» actions
| Assign group hotkey | 15 | |
| Basic commands | 73 | |
| Build / train | 52 | |
| Enter build submenu | 19 | |
| Enter hero's abilities submenu | 2 | |
| Right click | 304 | |
| Select / deselect | 209 | |
| Select group hotkey | 155 | |
| Use ability | 60 | |
889 total
» units
| Peasant | 10 | |
| Footman | 3 | |
| Goblin Zeppelin | 10 | |
| Siege Engine | 8 | |
31 total
» upgrades
| Masonry | 2 | |
| Plating | 3 | |
| Gunpowder | 3 | |
| Lumber Harvesting | 2 | |
| Barrage | 1 | |
11 total
» buildings
| Altar of Kings | 1 | |
| Farm | 7 | |
| Barracks | 2 | |
| Scout Tower | 2 | |
| Lumber Mill | 1 | |
| Arcane Tower | 2 | |
| Keep | 1 | |
| Arcane Vault | 1 | |
| Blacksmith | 2 | |
| Workshop | 3 | |
| Castle | 1 | |
23 total
» build order
00:23 Altar of Kings
00:39 Farm
01:10 Barracks
01:17 Farm
01:57 Barracks
02:07 Scout Tower
02:11 Scout Tower
02:31 Farm
02:37 Lumber Mill
02:39 Arcane Tower
02:58 Arcane Tower
03:38 Keep
04:43 Arcane Vault
04:47 Farm
04:50 Farm
05:21 Blacksmith
06:06 Blacksmith
06:40 Workshop
06:41 Workshop
06:44 Castle
09:41 Workshop
11:11 Farm
13:59 Farm
» items
| Lesser Clarity Potion | 2 | |
| Scroll of Regeneration | 1 | |
3 total
myth-ology. (
orange | 57 APM | 1307 actions | 22:45)
3 Blademaster
2 Wind Walk
1 Critical Strike
» actions
| Assign group hotkey | 24 | |
| Basic commands | 90 | |
| Build / train | 38 | |
| Enter build submenu | 15 | |
| Enter hero's abilities submenu | 3 | |
| Give item / drop item | 5 | |
| Right click | 541 | |
| Select / deselect | 125 | |
| Select group hotkey | 409 | |
| Use ability | 57 | |
1307 total
» units
| Peon | 10 | |
| Grunt | 3 | |
| Goblin Shredder | 1 | |
| Wind Rider | 4 | |
18 total
» upgrades
| Ranged Weapons | 2 | |
| Armor | 2 | |
| Reinforced Defenses | 1 | |
| Envenomed Spears | 1 | |
6 total
» buildings
| Altar of Storms | 1 | |
| Orc Burrow | 6 | |
| Barracks | 1 | |
| Voodoo Lounge | 1 | |
| Stronghold | 1 | |
| Great Hall | 1 | |
| War Mill | 1 | |
| Watch Tower | 19 | |
| Fortress | 2 | |
| Beastiary | 3 | |
36 total
» build order
00:13 Altar of Storms
00:23 Orc Burrow
00:38 Barracks
01:22 Orc Burrow
01:54 Voodoo Lounge
03:00 Stronghold
03:53 Great Hall
04:17 Orc Burrow
04:34 War Mill
06:19 Watch Tower
06:20 Watch Tower
06:20 Watch Tower
06:23 Watch Tower
06:35 Watch Tower
08:02 Fortress
08:08 Watch Tower
08:10 Watch Tower
08:11 Watch Tower
08:12 Watch Tower
08:13 Watch Tower
08:14 Watch Tower
08:14 Watch Tower
08:15 Watch Tower
08:16 Watch Tower
08:17 Watch Tower
08:17 Watch Tower
08:17 Watch Tower
09:56 Beastiary
09:57 Beastiary
09:59 Beastiary
12:31 Orc Burrow
12:33 Orc Burrow
12:36 Orc Burrow
13:32 Watch Tower
13:36 Watch Tower
» items
| Healing Salve | 2 | |
| Scroll of Town Portal | 1 | |
| Boots of Speed | 1 | |
| Potion of Lesser Invulnerability | 1 | |
| Staff of Teleportation | 1 | |
| Orb of Lightning | 1 | |
7 total
thunderdome (
yellow | 57 APM | 1268 actions | 22:09)
3 Archmage
1 Summon Water Elemental
1 Brilliance Aura
1 Blizzard
1 Mountain King
1 Storm Bolt
» actions
| Assign group hotkey | 17 | |
| Basic commands | 3 | |
| Build / train | 73 | |
| Enter build submenu | 29 | |
| Enter hero's abilities submenu | 4 | |
| Give item / drop item | 3 | |
| Right click | 369 | |
| Select / deselect | 450 | |
| Select group hotkey | 238 | |
| Use ability | 79 | |
1268 total
» units
| Peasant | 17 | |
| Footman | 8 | |
| Goblin Shredder | 2 | |
| Knight | 2 | |
| Priest | 3 | |
| Sorceress | 1 | |
33 total
» upgrades
| Swords | 2 | |
| Plating | 2 | |
| Lumber Harvesting | 2 | |
| Masonry | 2 | |
| Priest Training | 2 | |
| Animal War Training | 1 | |
| Sorceress Training | 1 | |
12 total
» buildings
| Farm | 10 | |
| Altar of Kings | 1 | |
| Barracks | 2 | |
| Scout Tower | 13 | |
| Lumber Mill | 1 | |
| Arcane Vault | 1 | |
| Keep | 1 | |
| Arcane Tower | 5 | |
| Town Hall | 1 | |
| Castle | 1 | |
| Blacksmith | 1 | |
| Guard Tower | 5 | |
| Arcane Sanctum | 2 | |
44 total
» build order
00:26 Farm
00:38 Altar of Kings
00:53 Barracks
01:10 Barracks
01:24 Farm
02:06 Farm
02:24 Scout Tower
03:52 Lumber Mill
04:13 Arcane Vault
04:15 Keep
05:26 Arcane Tower
05:27 Farm
05:28 Farm
06:28 Town Hall
08:04 Scout Tower
08:05 Scout Tower
08:07 Scout Tower
08:07 Scout Tower
08:32 Castle
08:52 Scout Tower
08:53 Scout Tower
08:55 Scout Tower
08:56 Scout Tower
09:21 Blacksmith
10:15 Guard Tower
10:16 Guard Tower
10:28 Arcane Tower
10:53 Farm
10:53 Farm
10:53 Farm
10:56 Arcane Sanctum
11:03 Guard Tower
11:09 Guard Tower
11:14 Scout Tower
11:14 Scout Tower
11:41 Scout Tower
11:49 Arcane Tower
11:52 Farm
12:35 Arcane Tower
13:26 Arcane Sanctum
14:13 Scout Tower
14:14 Arcane Tower
15:45 Guard Tower
15:59 Farm
» items
| Scroll of Regeneration | 3 | |
| Orb of Fire | 1 | |
| Potion of Mana | 1 | |
| Potion of Healing | 2 | |
| Orb of Lightning | 1 | |
| Scroll of Speed | 1 | |
| Boots of Speed | 1 | |
10 total
team 2 (winner)

»
mpb13 (
green | 68 APM | 1084 actions | 16:02)
4 Tauren Chieftain
2 Endurance Aura
2 War Stomp
» actions
| Assign group hotkey | 23 | |
| Basic commands | 5 | |
| Build / train | 49 | |
| Enter build submenu | 14 | |
| Enter hero's abilities submenu | 5 | |
| Give item / drop item | 5 | |
| Remove unit from queue | 1 | |
| Right click | 350 | |
| Select / deselect | 109 | |
| Select group hotkey | 484 | |
| Use ability | 39 | |
1084 total
» units
| Peon | 8 | |
| Troll Headhunter/Berserker | 15 | |
23 total
» upgrades
| Armor | 2 | |
| Ranged Weapons | 2 | |
| Troll Regeneration | 1 | |
| Backpack | 1 | |
| Shaman Training | 1 | |
| Spirit Walker Training | 1 | |
| Berserker Upgrade | 1 | |
9 total
» buildings
| Altar of Storms | 1 | |
| Orc Burrow | 4 | |
| War Mill | 1 | |
| Barracks | 1 | |
| Voodoo Lounge | 1 | |
| Stronghold | 1 | |
| Watch Tower | 3 | |
| Spirit Lodge | 2 | |
| Fortress | 1 | |
15 total
» build order
00:09 Altar of Storms
00:14 Orc Burrow
01:09 War Mill
01:32 Barracks
02:02 Orc Burrow
02:44 Orc Burrow
03:43 Voodoo Lounge
06:00 Stronghold
07:03 Watch Tower
08:18 Watch Tower
08:49 Spirit Lodge
08:49 Spirit Lodge
09:04 Watch Tower
12:34 Fortress
13:52 Orc Burrow
» items
| Healing Salve | 2 | |
| Scroll of Speed | 1 | |
| Lesser Clarity Potion | 1 | |
| Scroll of Town Portal | 2 | |
| Boots of Speed | 1 | |
| Orb of Lightning | 1 | |
8 total
BadCompany (
teal | 37 APM | 517 actions | 14:00)
1 Tauren Chieftain
1 Endurance Aura
» actions
| Build / train | 30 | |
| Enter build submenu | 5 | |
| Enter hero's abilities submenu | 2 | |
| Give item / drop item | 1 | |
| Right click | 345 | |
| Select / deselect | 127 | |
| Use ability | 7 | |
517 total
» units
» buildings
| Orc Burrow | 2 | |
| War Mill | 1 | |
| Stronghold | 1 | |
| Altar of Storms | 1 | |
| Voodoo Lounge | 1 | |
6 total
» build order
00:19 Orc Burrow
00:27 War Mill
01:54 Stronghold
02:08 Altar of Storms
02:20 Voodoo Lounge
03:06 Orc Burrow
Infi (
red | 79 APM | 1801 actions | 22:46)
5 Mountain King
3 Storm Bolt
2 Bash
» actions
| Assign group hotkey | 25 | |
| Basic commands | 40 | |
| Build / train | 139 | |
| ESC pressed | 3 | |
| Enter build submenu | 49 | |
| Enter hero's abilities submenu | 5 | |
| Give item / drop item | 5 | |
| Right click | 752 | |
| Select / deselect | 370 | |
| Select group hotkey | 317 | |
| Use ability | 96 | |
1801 total
» units
| Peasant | 26 | |
| Footman | 13 | |
| Goblin Zeppelin | 1 | |
| Goblin Shredder | 1 | |
| Dragonhawk Rider | 6 | |
| Gryphon Rider | 5 | |
| Troll Headhunter/Berserker | 1 | |
53 total
» upgrades
| Masonry | 3 | |
| Swords | 3 | |
| Armor | 4 | |
| Lumber Harvesting | 2 | |
| Defend | 1 | |
| Cloud | 1 | |
| Storm Hammers | 1 | |
| Animal War Training | 1 | |
| Reinforced Defenses | 1 | |
| Spiked Barricades | 1 | |
| Plating | 2 | |
| Gunpowder | 2 | |
| Barrage | 1 | |
| Fragmentation Shards | 1 | |
| Flak Cannons | 1 | |
| Flying Machine Bombs | 1 | |
| Flare | 1 | |
| Long Rifles | 1 | |
| Backpack | 1 | |
29 total
» buildings
| Altar of Kings | 1 | |
| Barracks | 1 | |
| Farm | 17 | |
| Town Hall | 1 | |
| Arcane Vault | 1 | |
| Keep | 1 | |
| Blacksmith | 1 | |
| Scout Tower | 12 | |
| Lumber Mill | 1 | |
| Arcane Tower | 3 | |
| Guard Tower | 16 | |
| Castle | 1 | |
| Gryphon Aviary | 5 | |
| Workshop | 4 | |
| Arcane Sanctum | 3 | |
68 total
» build order
00:04 Altar of Kings
00:09 Barracks
00:13 Farm
00:58 Farm
02:27 Farm
03:22 Town Hall
04:35 Arcane Vault
05:15 Farm
06:10 Keep
06:25 Blacksmith
06:29 Scout Tower
06:30 Scout Tower
06:40 Lumber Mill
06:59 Arcane Tower
07:30 Guard Tower
07:34 Scout Tower
07:42 Scout Tower
07:53 Scout Tower
08:03 Guard Tower
08:08 Guard Tower
08:08 Guard Tower
08:54 Castle
09:01 Guard Tower
09:46 Scout Tower
10:25 Arcane Tower
11:19 Gryphon Aviary
11:20 Gryphon Aviary
11:26 Gryphon Aviary
13:33 Gryphon Aviary
13:38 Gryphon Aviary
13:47 Scout Tower
13:51 Scout Tower
13:57 Scout Tower
14:02 Scout Tower
14:22 Guard Tower
14:23 Guard Tower
14:34 Guard Tower
14:40 Guard Tower
14:40 Guard Tower
14:58 Farm
15:02 Farm
15:07 Farm
15:40 Farm
15:47 Farm
15:51 Farm
15:56 Farm
15:59 Farm
16:02 Scout Tower
16:04 Scout Tower
17:06 Farm
17:07 Farm
17:13 Farm
18:25 Farm
18:29 Farm
19:11 Workshop
19:18 Workshop
19:20 Workshop
19:21 Workshop
21:31 Guard Tower
21:58 Arcane Sanctum
22:04 Arcane Sanctum
22:10 Arcane Sanctum
» items
| Scroll of Regeneration | 9 | |
| Scroll of Town Portal | 2 | |
| Potion of Lesser Invulnerability | 1 | |
| Boots of Speed | 1 | |
| Staff of Teleportation | 1 | |
14 total
Nigromancie (
pink | 69 APM | 1572 actions | 22:45)
6 Blood Mage
3 Flame Strike
2 Siphon Mana
1 Summon Phoenix
» actions
| Assign group hotkey | 221 | |
| Basic commands | 11 | |
| Build / train | 84 | |
| Enter build submenu | 57 | |
| Enter hero's abilities submenu | 6 | |
| Give item / drop item | 3 | |
| Right click | 644 | |
| Select / deselect | 331 | |
| Select group hotkey | 87 | |
| Use ability | 128 | |
1572 total
» units
| Peasant | 12 | |
| Footman | 7 | |
| Goblin Shredder | 1 | |
| Goblin Zeppelin | 1 | |
| Sorceress | 3 | |
| Green Dragon | 1 | |
25 total
» upgrades
| Sorceress Training | 1 | |
| Magic Sentry | 1 | |
| Lumber Harvesting | 2 | |
| Masonry | 3 | |
| Swords | 1 | |
| Armor | 1 | |
9 total
» buildings
| Altar of Kings | 1 | |
| Barracks | 1 | |
| Farm | 5 | |
| Arcane Vault | 1 | |
| Keep | 1 | |
| Town Hall | 2 | |
| Scout Tower | 41 | |
| Lumber Mill | 1 | |
| Arcane Sanctum | 1 | |
| Guard Tower | 9 | |
| Arcane Tower | 3 | |
| Blacksmith | 2 | |
| Castle | 1 | |
69 total
» build order
00:54 Altar of Kings
00:55 Barracks
01:06 Farm
01:08 Farm
01:14 Farm
02:13 Farm
03:20 Arcane Vault
04:00 Keep
04:41 Town Hall
06:08 Scout Tower
06:09 Scout Tower
06:10 Scout Tower
06:12 Scout Tower
06:14 Scout Tower
06:19 Lumber Mill
06:26 Arcane Sanctum
06:48 Scout Tower
06:50 Scout Tower
08:00 Guard Tower
08:02 Arcane Tower
08:11 Arcane Tower
09:02 Farm
10:05 Scout Tower
10:05 Scout Tower
10:06 Scout Tower
10:07 Scout Tower
10:13 Blacksmith
10:14 Blacksmith
10:18 Scout Tower
10:18 Scout Tower
10:18 Scout Tower
10:19 Scout Tower
10:20 Scout Tower
10:47 Guard Tower
11:40 Guard Tower
11:42 Castle
11:49 Scout Tower
11:49 Scout Tower
11:50 Scout Tower
11:50 Scout Tower
11:51 Scout Tower
11:52 Scout Tower
11:53 Scout Tower
13:17 Guard Tower
13:18 Scout Tower
13:18 Scout Tower
13:19 Scout Tower
13:19 Scout Tower
13:20 Scout Tower
13:22 Scout Tower
13:30 Town Hall
13:50 Guard Tower
14:26 Scout Tower
14:39 Scout Tower
14:40 Scout Tower
14:40 Scout Tower
14:45 Scout Tower
14:46 Scout Tower
14:49 Guard Tower
14:54 Scout Tower
15:31 Guard Tower
17:01 Scout Tower
17:01 Scout Tower
17:01 Scout Tower
17:02 Scout Tower
17:02 Scout Tower
18:25 Guard Tower
20:24 Guard Tower
» items
| Scroll of Regeneration | 8 | |
| Lesser Clarity Potion | 5 | |
| Potion of Healing | 4 | |
| Potion of Mana | 4 | |
| Potion of Invisibility | 1 | |
| Boots of Speed | 1 | |
| Staff of Teleportation | 1 | |
| Scroll of Town Portal | 4 | |
28 total
Chat log
(00:06 / All) Cydra: mor liek flamerunnerup
(00:07 / All) Cydra: am
(00:08 / All) Cydra: i
(00:09 / All) Cydra: rite
(00:19 / All) slocum-: everyone
(00:21 / All) slocum-: shutup
(00:27 / All) Cydra: make me faggot
(00:29 / All) myth-ology.: this guy
(00:30 / All) Infi: Not a soul can break this team in two
(00:32 / Allies) mpb13: TC and HH
(01:31 / All) Cydra: NO PURPLE I WONT GIVE YOU MY CREDIT CARD. HOW DARE YOU ASK
(01:42 / All) slocum-: nonono you misunderstand
(01:48 / All) slocum-: just social security #
(01:52 / All) Infi: FUCKING NIGERIAN CC THIEF GTFO FAG
(01:52 / All) Cydra: OH OKAY
(01:54 / All) Cydra: 45345643623
(02:03 / All) slocum-: i am a prince in my homeland
(02:13 / All) slocum-: i just cant access my funds
(02:17 / All) Cydra: I AM A "QUEEN" IN MY HOMELAND
(02:18 / All) slocum-: and need $400 to get to them
(02:26 / All) slocum-: you're a queen anywhere blue
(02:29 / All) slocum-: zing
(02:47 / All) myth-ology.: mine
(02:50 / All) Cydra: WE're all on the bottom side, right?
(02:51 / All) Nigromancie: this game is way too stressful
(03:01 / All) Infi: I agree
(03:02 / All) Nigromancie: I have to set so many rally points to maintain high APM
(03:07 / All) myth-ology.: its me
(03:08 / All) myth-ology.: u nigger
(03:11 / All) slocum-: lol
(03:43 / All) Infi: You need to if you want to be optimal
(03:55 / All) slocum-: shutup red
(03:56 / All) myth-ology.: go away yellow
(04:01 / All) myth-ology.: take that
(04:15 / Allies) Nigromancie: mine
(04:17 / Allies) Nigromancie: fucking diiot
(04:22 / All) myth-ology.: not u me
(05:03 / All) myth-ology.: dude relax
(05:04 / All) Cydra: LMAO what the fuck is teal doing
(05:08 / All) myth-ology.: this isn't world of warcraft
(05:35 / All) Cydra: World of Wearablearts?
(05:40 / All) Infi: I don't understand why you don't queue up creeps to be optimal, turncoat and jake
(05:42 / All) slocum-: no?
(05:55 / All) myth-ology.: what
(06:04 / All) myth-ology.: gold plz
(06:06 / All) Infi: You can do a lot more with higher APM if you use it efficiently
(06:18 / All) Infi: although 50 efficient APM is better than 100+ spam
(07:01 / All) Nigromancie: BAD COMPANY
(07:03 / All) Nigromancie: TILL THE DAY I DIE
(07:13 / Allies) mpb13: wtf teal
(07:30 / All) BadCompany: they attack me and u guys don't help
(07:33 / Allies) BadCompany: so fuck u
(07:48 / All) slocum-: lol
(07:50 / All) Cydra: LOL i attacked you with a fucking pocket factory, learn to defend it
(08:17 / Allies) Nigromancie: wood
(08:39 / All) myth-ology.: yes
(08:40 / All) myth-ology.: teelo
(08:45 / All) myth-ology.: turncoat and rod
(09:18 / All) myth-ology.: green and teal are our enemis
(11:43 / All) slocum-: god u suck
(11:51 / All) Cydra: HOW DO I PLAY GAME
(12:00 / All) Cydra: HOW DO I SAVE CHARACTER SO I DONT HAVE TO LEVEL IT UPO AGAIN NEXT GAME
(12:33 / All) BadCompany: worst team ever
(12:39 / All) myth-ology.: lawl
(12:40 / All) Cydra: WHAT IS TEAM
(12:42 / All) BadCompany: red has over 5000 gold
(12:43 / All) Cydra: HOW DO I SPELL WORST
(12:44 / All) myth-ology.: i havent even seen u teal
(12:55 / All) slocum-: are you seriously buying all those tps?
(13:03 / All) Nigromancie: fuck off comic book guy
(13:07 / All) slocum-: lol
(13:15 / Allies) mpb13: teal, leave so we can make units
(13:19 / All) Infi: I bet you thought you could get that item, yellow
(13:26 / All) Infi: You probably don't even know what zeppelin micro is
(14:10 / All) Cydra: lol cant believe that guy let me kill 5 peons
(14:15 / All) Cydra: with a POCKET FACTORY LOL
(15:26 / All) Nigromancie: I knew purple would hit that side lawl
(15:39 / All) slocum-: you're a goddam genius
(15:50 / All) Nigromancie: you're a lucky faggot 2 times in game
(16:06 / All) Nigromancie: I have 3k how much do you have?
(16:55 / All) Nigromancie: lul
(17:50 / All) myth-ology.: yellow doesnt know yet
(18:28 / All) myth-ology.: take my expo again bitch
(18:29 / All) myth-ology.: fuck u
(18:32 / All) myth-ology.: THAT WAS MY EXPO
(18:46 / All) myth-ology.: WE DID U IN LAST NIGHT TOO YELLOW
(18:48 / All) myth-ology.: I GOT UR HALL
(18:49 / All) myth-ology.: REMEMBER
(18:52 / All) myth-ology.: U GAVE GREEN UR TP
(18:55 / All) myth-ology.: AND HE WAS MAD AT U
(18:56 / All) myth-ology.: DREAMZ.
(19:02 / All) myth-ology.: YES IT WAS
(19:04 / All) myth-ology.: I HAVE PROOF
(19:27 / All) myth-ology.: NEXT TIME DONT STEAL TP'S
(19:46 / All) Nigromancie: I don't see how he stole it lawl
(19:51 / All) Nigromancie: green could have went to bottom middle shop
(20:00 / All) Nigromancie: because he attacked the base to the right of it
(20:05 / All) Nigromancie: he could have taken a 3 second detour
(20:08 / All) myth-ology.: THIS GAME YELLOW
(20:09 / All) myth-ology.: (15:58 / Allies) thunderdome: oh you didnt make a shop you mean
(20:10 / All) myth-ology.: (15:58 / Allies) thunderdome: oh you didnt make a shop you mean
(20:12 / All) myth-ology.: (15:58 / Allies) thunderdome: oh you didnt make a shop you mean
(20:21 / All) Cydra: NO BULLSHIT YELLOW I DONT LIVE IN MY MOMS BASEMENT, I LIVE IN HER ATTIC ACTUALLY
(20:41 / All) thunderdome: lol
(20:56 / All) myth-ology.: I WAS TEAL THE GUY WHO RAPED RU BASE
(21:01 / All) myth-ology.: AND PINK WAS PINK IN THAT GAME
(21:10 / All) thunderdome: why do even bother?
(21:14 / All) Nigromancie: I think he was teal
(21:22 / All) myth-ology.: YELLOW DO NOT LIE, U WILL LOSE SLEEP OVER THIS GAME
(21:25 / All) myth-ology.: YES HE WAS TEAL
(21:27 / All) Infi: All the god damn games now are shit. Why can't we get another like that Market Square game?
(21:28 / All) thunderdome: you even remember these little fucking details about this game
(21:28 / All) myth-ology.: I WAS
(21:33 / All) myth-ology.: I REMEMBER EVERYTHING
(21:35 / All) myth-ology.: YELLOW
(21:43 / All) Nigromancie: just happened last night
(21:50 / All) myth-ology.: I AM THE REINCARNATION OF MOTHERE THERESA
(22:05 / All) thunderdome: hope you all die of aids in your circle jerks
(22:11 / All) myth-ology.: LAWL
(22:12 / All) Infi: ;p;
(22:14 / All) Infi: lol
(22:17 / All) myth-ology.: what are circle jerks
(22:21 / All) Infi: HAHAHA
(22:22 / All) Nigromancie: thunderdome should lose
(22:26 / All) Nigromancie: Wait
(22:27 / All) myth-ology.: leaving
(22:27 / All) Infi: Go watch mroe fellatio flamechampion
(22:28 / All) Nigromancie: stats our team
(22:30 / All) myth-ology.: new accounts?
(22:35 / All) Infi: Green is 1-1
(22:36 / All) Nigromancie: yeah yellow ought lose
(22:39 / All) Infi: Teal is 15-16